 Dungeon Crawl Stone Soup version 0.13-a0-2907-g70ca29e (webtiles) character file.

475 Gruud the Cudgeler (level 5, 0/40 HPs)
             Began as a Djinni Fighter on Sept 1, 2013.
             Shot with an arrow by a centaur (3 damage)
             ... on Level 5 of the Dungeon.
             The game lasted 00:11:40 (3624 turns).

Gruud the Cudgeler (Djinni Fighter)                 Turns: 3624, Time: 00:11:40

HP   0/40        AC  5     Str 20      XL: 5   Next: 98%
MP   0/0         EV  6     Int  9      God:
Gold 211         SH 19     Dex 15      Spells:  0 memorised,  4 levels left

Res.Fire  : + + +   See Invis. : .   m - +0,+3 orc whip
Res.Cold  : x x .   Warding    : .   t - -5 fire dragon armour "Jiasigut" {rF++ rC- Life Prot.: + + + Conserve : . c - +0 shield (curse)
Res.Poison: .       Res.Corr.  : .   (no helmet)
Res.Elec. : .       Clarity    : +   a - +0 orc cloak
Sust.Abil.: . .     Spirit.Shd : .   (no gloves)
Res.Mut.  : .       Stasis     : .   (boots unavailable)
Res.Rott. : .       Flight     : .   k - cursed amulet of clarity
Saprovore : . . .                    (no ring)
                                     (no ring)

@: slightly resistant to hostile enchantments, extremely unstealthy
A: fire immunity, cold vulnerability, life protection 3, sense surroundings 1
a: no special abilities


You were on level 5 of the Dungeon.
You were not hungry.

You visited 1 branch of the dungeon, and saw 5 of its levels.

You collected 191 gold pieces.

Inventory:

Hand weapons
 e - a +0,+0 whip
 g - a +0,+0 elven whip
 m - a +0,+3 orcish whip (weapon)
 n - a +1,+0 whip
Missiles
 q - 4 needles of paralysis
 s - 24 poisoned needles
Armour
 a - a +0 orcish cloak (worn)
 c - a cursed +0 shield (worn)
 d - the cursed +0 leather armour "Lecs" {rF+ Str+2, unknown}
   (You found it on level 5 of the Dungeon)

   It affects your strength (+2).
   It protects you from fire.
   It has a curse placed upon it.
 o - a +0 chain mail
 t - the cursed -5 fire dragon armour "Jiasigut" (worn) {rF++ rC- Str+3 Dex+3}
   (You found it on level 4 of the Dungeon)

   It affects your strength (+3).
   It affects your dexterity (+3).
   It greatly protects you from fire.
   It makes you vulnerable to cold.
   It has a curse placed upon it.
Magical devices
 i - a wand of lightning (12)
 p - a wand of flame (11)
Scrolls
 u - a scroll of recharging
Jewellery
 k - a cursed amulet of clarity (around neck)
Potions
 b - 2 potions of heal wounds
 f - a potion of berserk rage
 h - 2 potions of curing
 j - a potion of agility
 r - a potion of restore abilities
Books
 l - a Young Poisoner's Handbook

   Spells                             Type                      Level
   Sting                              Conjuration/Poison           1
   Cure Poison                        Poison                       2
   Mephitic Cloud                     Conjuration/Poison/Air       3
   Olgreb's Toxic Radiance            Poison                       4
   Venom Bolt                         Conjuration/Poison           5


   Skills:
 - Level 2.6 Fighting
 * Level 6.3 Maces & Flails
 - Level 3.2 Armour
 - Level 3.0 Shields


You had 4 spell levels left.
You didn't know any spells.

Dungeon Overview and Level Annotations

Branches:
Dungeon (5/27)
 Temple: D:4-7

Altars:

Annotations:
D:5 Edmund, Pikel


Innate Abilities, Weirdness & Mutations

You are immune to all types of fire, even holy and hellish.
You are vulnerable to cold.
You need no food.
You have no legs.
You are immune to negative energy.
You passively map a small area around you.


Message History

You see here an arrow.
The centaur shoots an arrow.
You block the arrow.
You see here an arrow.
The centaur shoots an arrow.
The arrow hits you!
* * * LOW HITPOINT WARNING * * *
The centaur shoots an arrow.
You block the arrow.
You see here 2 arrows.
The centaur shoots an arrow.
You block the arrow.
You see here an arrow.
As you open the door, it creaks loudly!
The centaur shoots an arrow.
You block the arrow.
The centaur shoots an arrow.
The arrow hits you!
* * * LOW HITPOINT WARNING * * *
There is an open door here.
The centaur shoots an arrow.
The arrow hits you!
* * * LOW HITPOINT WARNING * * *
You see here an arrow.
You close the door.
You open the door.
The centaur shoots an arrow.
The arrow hits you!
You die...

#K# . #.. . , #w# #.## #.# #
#.# ...# #.### , ##w## *
#..# #.... ##..(## # #..#
#.... ##....(## #.##..#
#.... ##......c## #.#.#.#
##....
#........(###.....#####.....
,
+.........'@................
#.........####....#####.....
* ##.......## ##.#.# ##....
##.....## ###.# #....
##...## ######.#########.
##'## #.....(....# #. #.#
###...##.###.# #. #.#
#........# *, . ##.##
#........#


You could see a worm and a centaur.

Vanquished Creatures
  A crimson imp (D:4)
  A worker ant (D:4)
  A scorpion (D:3)
  Jessica (D:3)
  5 adders
  A worm (D:4)
  2 giant geckos
  An ooze (D:2)
  9 orcs
  9 bats
  4 giant cockroaches
  8 hobgoblins
  7 jackals
  2 quokkas
  A ball python (D:3)
  2 giant newts
  10 goblins
  A goblin skeleton (D:5)
  11 kobolds
  11 rats
88 creatures vanquished.

Vanquished Creatures (others)
  An orc wizard (D:5)
1 creature vanquished.

Grand Total: 89 creatures vanquished

Notes
Turn   | Place    | Note
--------------------------------------------------------------
     0 | D:1      | Gruud, the Djinni Fighter, began the quest for the Orb.
     0 | D:1      | Reached XP level 1. HP: 16/16 MP: 0/0
    70 | D:1      | Reached XP level 2. EP: 19/22
   739 | D:1      | Reached XP level 3. EP: 28/28
  1017 | D:2      | Reached skill level 4 in Maces & Flails
  1020 | D:2      | Gained mutation: You passively map a small area around you. [potion of mutation]
  1020 | D:2      | Gained mutation: You have a pair of small antennae on your head. [potion of mutation]
  1020 | D:2      | Lost mutation: You have a pair of small antennae on your head. [potion of mutation]
  1273 | D:2      | Reached XP level 4. EP: 35/35
  2025 | D:3      | Noticed Jessica
  2042 | D:3      | Killed Jessica
  2116 | D:3      | Reached skill level 5 in Maces & Flails
  2136 | D:3      | Reached XP level 5. EP: 40/40
  2529 | D:4      | Got a shimmering fire dragon armour
  2556 | D:3      | Identified the cursed -5 fire dragon armour "Jiasigut" {rF++ rC- Str+3 Dex+3} (You found it on level 4 of the Dungeon)
  3239 | D:4      | Reached skill level 6 in Maces & Flails
  3426 | D:5      | Entered Level 5 of the Dungeon
  3538 | D:5      | Got a heavily runed leather armour
  3600 | D:5      | Noticed a centaur
  3605 | D:5      | Noticed Pikel
  3605 | D:5      | Noticed a slave
  3607 | D:5      | Noticed a slave
  3609 | D:5      | Noticed a slave
  3612 | D:5      | Noticed Edmund
  3624 | D:5      | Shot with an arrow by a centaur

Action                   |  1- 3 |  4- 6 || total
-------------------------+-------+-------++-------
Melee: Mace              |    20 |       ||    20
       Whip              |   193 |   254 ||   447
Evoke: Wand              |       |     4 ||     4
  Use: Scroll            |     2 |    11 ||    13
       Potion            |     1 |       ||     1
